cohdb
Replays
Latest Replays
All Replays
Popular Replays
Top Player Replays
Match Explorer
How It Works
Community
CoH3 Stats
Reddit
Sign in to upload your games and track your stats! →
Sign in with Steam
Match 41446280
Unlisted
Match 41446280
Overview
Messages
Build Orders
End
Royal Engineer Section
Construct Section Command Post
Selects Canadian Shock Battlegroup
Dingo Light Scout Car
Infantry Section
Infantry Section
Construct Field Infirmary
Selects Attacking Spirit
Selects Canadian Shock Section
Canadian Shock Section
Construct Platoon Command Post
Humber Armored Car
Selects Incendiary Munitions
Unlock M3 Stuart Light Tanks
Selects Pyrotechnics
M3 Stuart Light Tank
Construct Company Command Post
Canadian Shock Section
Crusader II Medium Tank
Foot Guards Section
Selects Churchill Crocodile Heavy Tank
Crusader II Medium Tank
Crusader II Medium Tank
3HappyDolphin
MadMax
0
0
Comments
sign in to comment!
No comments posted yet!